MAA
BELVEDERE PARK RAWHIDES @ HELENA GRIZZLIES
09/27/2019
 
TOP OF THE 1ST
Belvedere Park Rawhides batting - Pitching for Helena Grizzlies : RHP Jorge Rivas
Pitching: RHP Jorge Rivas
Batting: RHB Ralph McKnight 0-0: Ball
1-0: Ball
2-0: Ball
3-0: Called Strike
3-1: Called Strike
3-2: Foul Ball, location: 2F
3-2: Fly out, F7 (Flyball, 7M)
Batting: RHB Jeff Cox 0-0: Fly out, F4 (Popup, 4D)
Batting: RHB Victor Haley 0-0: Swinging Strike
0-1: Called Strike
0-2: Strikes out swinging
Top of the 1st over - 0 run(s), 0 hit(s), 0 error(s), 0 left on base; Belvedere Park 0 - Helena 0
BOTTOM OF THE 1ST
Helena Grizzlies batting - Pitching for Belvedere Park Rawhides : LHP Marc Burns
Pitching: LHP Marc Burns
Batting: RHB Dustin O'Quinlevan 0-0: Ball
1-0: Called Strike
1-1: Fly out, F8 (Flyball, 8LS)
Batting: LHB José Alonso 0-0: Called Strike
0-1: Ball
1-1: Foul Ball, location: 2F
1-2: Foul Ball, location: 2F
1-2: Ball
2-2: Foul Ball, location: 2F
2-2: Foul Ball, location: 2F
2-2: Ball
3-2: Ground out 4-3 (Groundball, 4)
Batting: RHB Joe Chase 0-0: Foul Ball, location: 2F
0-1: Ground out 5-3 (Groundball, 56S)
Bottom of the 1st over - 0 run(s), 0 hit(s), 0 error(s), 0 left on base; Belvedere Park 0 - Helena 0
TOP OF THE 2ND
Belvedere Park Rawhides batting - Pitching for Helena Grizzlies : RHP Jorge Rivas
Batting: LHB Clark Espinosa 0-0: Ball
1-0: Called Strike
1-1: Ball
2-1: Ball
3-1: Foul Ball, location: 2F
3-2: Foul Ball, location: 2F
3-2: Fly out, F6 (Popup, 6D)
Batting: SHB Phil Moore 0-0: Ball
1-0: Swinging Strike
1-1: Fly out, F8 (Flyball, 8LM)
Batting: RHB Danny Penn 0-0: Ball
1-0: Called Strike
1-1: Ball
2-1: Foul Ball, location: 2F
2-2: Fly out, F8 (Flyball, 8LS)
Top of the 2nd over - 0 run(s), 0 hit(s), 0 error(s), 0 left on base; Belvedere Park 0 - Helena 0
BOTTOM OF THE 2ND
Helena Grizzlies batting - Pitching for Belvedere Park Rawhides : LHP Marc Burns
Batting: SHB Bruce Hunt 0-0: Called Strike
0-1: Swinging Strike
0-2: Strikes out looking
Batting: LHB Juan Hernández 0-0: Swinging Strike
0-1: Ball
1-1: Ball
2-1: Ball
3-1: Swinging Strike
3-2: Ground out 6-3 (Groundball, 6M)
Batting: RHB Wilbur James 0-0: Ball
1-0: Foul Ball, location: 2F
1-1: Foul Ball, location: 2F
1-2: Foul Ball, location: 2F
1-2: Ball
2-2: Ball
3-2: Foul Ball, location: 2F
3-2: Base on Balls
Batting: RHB David Ramírez 0-0: Ball
1-0: Ball
2-0: Ball
3-0: Base on Balls
Wilbur James to second
Batting: RHB Jeremy Murphy 0-0: Ball
1-0: Ball
2-0: Ball
3-0: Base on Balls
Wilbur James to third
David Ramírez to second
Batting: RHB Jack Glenn 0-0: Ball
1-0: Called Strike
1-1: SINGLE (Line Drive, 4MD)
Wilbur James scores
David Ramírez to third
Jeremy Murphy to second
Runner from 3rd tries for Home, SAFE, throw made home
Now in CF: Javier Pérez
Batting: RHB Dustin O'Quinlevan 0-0: SINGLE (Groundball, 6MD)
Jeremy Murphy to third
Jack Glenn to second
Runner from 3rd tries for Home, SAFE, no throw or cutoff
Batting: LHB José Alonso 0-0: Called Strike
0-1: Foul Ball, location: 2F
0-2: Foul Ball, location: 2F
0-2: Foul Ball, location: 2F
0-2: Ball
1-2: Ball
2-2: Foul Ball, location: 2F
2-2: SINGLE (Groundball, 13) (infield hit)
Jack Glenn to third
Dustin O'Quinlevan to second
Batting: RHB Joe Chase 0-0: Ball
1-0: Ball
2-0: Called Strike
2-1: Swinging Strike
2-2: Fielders Choice at 2nd, U4 (Groundball, 4M)
Bottom of the 2nd over - 3 run(s), 3 hit(s), 0 error(s), 3 left on base; Belvedere Park 0 - Helena 3
TOP OF THE 3RD
Belvedere Park Rawhides batting - Pitching for Helena Grizzlies : RHP Jorge Rivas
Batting: LHB Manny Hernández 0-0: Called Strike
0-1: Ball
1-1: Ball
2-1: Foul Ball, location: 2F
2-2: Foul Ball, location: 2F
2-2: Strikes out swinging
Batting: SHB Jason Alexander 0-0: Foul Ball, location: 2F
0-1: Swinging Strike
0-2: Ball
1-2: Foul Ball, location: 2F
1-2: Strikes out swinging
Batting: RHB Pedro Jiménez 0-0: Ball
1-0: Ball
2-0: Ball
3-0: Called Strike
3-1: Foul Ball, location: 2F
3-2: Foul Ball, location: 2F
3-2: Base on Balls
Batting: LHB Javier Pérez 0-0: Called Strike
0-1: Called Strike
0-2: Fly out, F7 (Flyball, 7LMF)
Top of the 3rd over - 0 run(s), 0 hit(s), 0 error(s), 1 left on base; Belvedere Park 0 - Helena 3
BOTTOM OF THE 3RD
Helena Grizzlies batting - Pitching for Belvedere Park Rawhides : LHP Marc Burns
Batting: SHB Bruce Hunt 0-0: Foul Ball, location: 2F
0-1: Called Strike
0-2: SOLO HOME RUN (Flyball, 7D), Distance : 365 ft
Batting: LHB Juan Hernández 0-0: Ball
1-0: Called Strike
1-1: Ball
2-1: Called Strike
2-2: Ball
3-2: SINGLE (Line Drive, 9LS)
Batting: RHB Wilbur James 0-0: Ball
1-0: SINGLE (Line Drive, 4M)
Juan Hernández to second
Batting: RHB David Ramírez 0-0: Ball
1-0: Ball
2-0: Ball
3-0: Called Strike
3-1: Fly out, F4 (Popup, 4D)
Batting: RHB Jeremy Murphy 0-0: Called Strike
0-1: Foul Ball, location: 2F
0-2: Foul Ball, location: 2F
0-2: Ball
1-2: Foul Ball, location: 2F
1-2: Ball
2-2: Foul Ball, location: 2F
2-2: Ball
3-2: Strikes out swinging
Batting: RHB Jack Glenn 0-0: Ball
1-0: Called Strike
1-1: Called Strike
1-2: Foul Ball, location: 2F
1-2: Fly out, F9 (Flyball, 89M)
Bottom of the 3rd over - 1 run(s), 3 hit(s), 0 error(s), 2 left on base; Belvedere Park 0 - Helena 4
TOP OF THE 4TH
Belvedere Park Rawhides batting - Pitching for Helena Grizzlies : RHP Jorge Rivas
Batting: RHB Jeff Cox 0-0: Foul Ball, location: 2F
0-1: Fly out, F9 (Flyball, 89D)
Batting: RHB Victor Haley 0-0: Foul Ball, location: 2F
0-1: Swinging Strike
0-2: Ball
1-2: Strikes out swinging
Batting: LHB Clark Espinosa 0-0: Ball
1-0: Ground out 4-3 (Groundball, 4)
Top of the 4th over - 0 run(s), 0 hit(s), 0 error(s), 0 left on base; Belvedere Park 0 - Helena 4
BOTTOM OF THE 4TH
Helena Grizzlies batting - Pitching for Belvedere Park Rawhides : LHP Marc Burns
Batting: RHB Dustin O'Quinlevan 0-0: Foul Ball, location: 2F
0-1: Foul Ball, location: 2F
0-2: Ball
1-2: Ball
2-2: Foul Ball, location: 2F
2-2: Hit by Pitch
Batting: LHB José Alonso 0-0: Ball
1-0: Ball
2-0: SINGLE (Line Drive, 6MD)
Dustin O'Quinlevan to second
Pitching: LHP Steve Pérez
Batting: RHB Joe Chase 0-0: Ball
1-0: 3-RUN HOME RUN (Flyball, 7D), Distance : 353 ft
Batting: SHB Bruce Hunt 0-0: Ball
1-0: Fly out, F2 (Popup, 2RF)
Batting: LHB Juan Hernández 0-0: Called Strike
0-1: Foul Ball, location: 2F
0-2: Fly out, F7 (Flyball, 7M)
Batting: RHB Wilbur James 0-0: Ball
1-0: Ball
2-0: Called Strike
2-1: Foul Ball, location: 2F
2-2: Ball
3-2: Strikes out swinging
Bottom of the 4th over - 3 run(s), 2 hit(s), 0 error(s), 0 left on base; Belvedere Park 0 - Helena 7
TOP OF THE 5TH
Belvedere Park Rawhides batting - Pitching for Helena Grizzlies : RHP Jorge Rivas
Batting: SHB Phil Moore 0-0: Called Strike
0-1: Ball
1-1: Ball
2-1: Swinging Strike
2-2: Strikes out looking
Batting: RHB Danny Penn 0-0: Called Strike
0-1: Foul Ball, location: 2F
0-2: Ball
1-2: Ball
2-2: Foul Ball, location: 2F
2-2: Ball
3-2: Strikes out swinging
Batting: LHB Manny Hernández 0-0: Foul Ball, location: 2F
0-1: Swinging Strike
0-2: Foul Ball, location: 2F
0-2: Ball
1-2: Ball
2-2: Strikes out swinging
Top of the 5th over - 0 run(s), 0 hit(s), 0 error(s), 0 left on base; Belvedere Park 0 - Helena 7
BOTTOM OF THE 5TH
Helena Grizzlies batting - Pitching for Belvedere Park Rawhides : LHP Steve Pérez
Batting: RHB David Ramírez 0-0: Foul Ball, location: 2F
0-1: Ball
1-1: Foul Ball, location: 2F
1-2: Ball
2-2: Ball
3-2: Fly out, F3 (Popup, 13S)
Batting: RHB Jeremy Murphy 0-0: Called Strike
0-1: Ball
1-1: Foul Ball, location: 2F
1-2: Strikes out swinging
Batting: RHB Jack Glenn 0-0: Called Strike
0-1: Called Strike
0-2: Strikes out swinging
Bottom of the 5th over - 0 run(s), 0 hit(s), 0 error(s), 0 left on base; Belvedere Park 0 - Helena 7
TOP OF THE 6TH
Belvedere Park Rawhides batting - Pitching for Helena Grizzlies : RHP Jorge Rivas
Batting: SHB Jason Alexander 0-0: Called Strike
0-1: Ball
1-1: Ball
2-1: Swinging Strike
2-2: Strikes out swinging
Batting: RHB Pedro Jiménez 0-0: Ball
1-0: Foul Ball, location: 2F
1-1: Called Strike
1-2: Strikes out swinging
Batting: LHB Javier Pérez 0-0: Ball
1-0: Foul Ball, location: 2F
1-1: Foul Ball, location: 2F
1-2: Fly out, F7 (Flyball, 7LM)
Top of the 6th over - 0 run(s), 0 hit(s), 0 error(s), 0 left on base; Belvedere Park 0 - Helena 7
BOTTOM OF THE 6TH
Helena Grizzlies batting - Pitching for Belvedere Park Rawhides : LHP Steve Pérez
Batting: RHB Dustin O'Quinlevan 0-0: SINGLE (Groundball, 56D)
Batting: LHB José Alonso 0-0: Ball
1-0: Called Strike
1-1: Swinging Strike
1-2: Ball
2-2: Fly out, F5 (Popup, 5SF)
Batting: RHB Joe Chase 0-0: Ball
1-0: Ball
2-0: Ball
3-0: Called Strike
3-1: Foul Ball, location: 2F
3-2: Fly out, F7 (Line Drive, 78D)
Batting: SHB Bruce Hunt 0-0: Ball
Dustin O'Quinlevan steals 2nd base
1-0: Fly out, F6 (Line Drive, 6)
Bottom of the 6th over - 0 run(s), 1 hit(s), 0 error(s), 1 left on base; Belvedere Park 0 - Helena 7
TOP OF THE 7TH
Belvedere Park Rawhides batting - Pitching for Helena Grizzlies : RHP Jorge Rivas
Now at 3B: Enrico Díaz
Batting: RHB Jeff Cox 0-0: Ground out 5-3 (Groundball, 56)
Batting: RHB Victor Haley 0-0: Swinging Strike
0-1: Ground out 5-3 (Groundball, 56S)
Batting: LHB Clark Espinosa 0-0: Ball
1-0: Ball
2-0: Foul Ball, location: 2F
2-1: Called Strike
2-2: Fly out, F9 (Line Drive, 9M)
Top of the 7th over - 0 run(s), 0 hit(s), 0 error(s), 0 left on base; Belvedere Park 0 - Helena 7
BOTTOM OF THE 7TH
Helena Grizzlies batting - Pitching for Belvedere Park Rawhides : LHP Steve Pérez
Batting: LHB Juan Hernández 0-0: Fly out, F7 (Flyball, 78M)
Pitching: RHP Paul Abbott
Batting: RHB Wilbur James 0-0: Ball
1-0: Ball
2-0: SOLO HOME RUN (Flyball, 78XD), Distance : 401 ft
Batting: RHB Enrico Díaz 0-0: Called Strike
0-1: Ball
1-1: Ground out 5-3 (Groundball, 56S)
Batting: RHB Jeremy Murphy 0-0: SINGLE (Line Drive, 56)
Batting: RHB Jack Glenn 0-0: SINGLE (Line Drive, 78S)
Jeremy Murphy to second
Batting: RHB Dustin O'Quinlevan 0-0: Called Strike
0-1: Ball
1-1: Ball
2-1: Fly out, F4 (Popup, 6MD)
Bottom of the 7th over - 1 run(s), 3 hit(s), 0 error(s), 2 left on base; Belvedere Park 0 - Helena 8
TOP OF THE 8TH
Belvedere Park Rawhides batting - Pitching for Helena Grizzlies : RHP Jorge Rivas
Batting: SHB Phil Moore 0-0: Called Strike
0-1: Hit by Pitch
Batting: RHB Danny Penn 0-0: Called Strike
0-1: Swinging Strike
0-2: Strikes out swinging
Pinch Hitting: RHB Michael Taylor 0-0: Swinging Strike
0-1: Fly out, F3 (Line Drive, 34)
0-1: Lined into DP, U3 (Line Drive, 34)
Top of the 8th over - 0 run(s), 0 hit(s), 0 error(s), 0 left on base; Belvedere Park 0 - Helena 8
BOTTOM OF THE 8TH
Helena Grizzlies batting - Pitching for Belvedere Park Rawhides : RHP Paul Abbott
Now at 2B: Michael Taylor
Batting: LHB José Alonso 0-0: Called Strike
0-1: Ground out 3-1 (Groundball, 34)
Batting: RHB Joe Chase 0-0: Called Strike
0-1: Ball
1-1: Foul Ball, location: 2F
1-2: Ball
2-2: Strikes out swinging
Batting: SHB Bruce Hunt 0-0: Ball
1-0: Ball
2-0: Foul Ball, location: 2F
2-1: SINGLE (Line Drive, 78S)
Batting: LHB Juan Hernández 0-0: Ground out 6-3 (Groundball, 6)
Bottom of the 8th over - 0 run(s), 1 hit(s), 0 error(s), 1 left on base; Belvedere Park 0 - Helena 8
TOP OF THE 9TH
Belvedere Park Rawhides batting - Pitching for Helena Grizzlies : RHP Jorge Rivas
Batting: SHB Jason Alexander 0-0: Called Strike
0-1: Ball
1-1: Ball
2-1: Called Strike
2-2: Strikes out swinging
Batting: RHB Pedro Jiménez 0-0: Ball
1-0: Swinging Strike
1-1: Called Strike
1-2: Strikes out swinging
Batting: LHB Javier Pérez 0-0: Ball
1-0: Ball
2-0: Foul Ball, location: 2F
2-1: Swinging Strike
2-2: Strikes out swinging
Top of the 9th over - 0 run(s), 0 hit(s), 0 error(s), 0 left on base; Belvedere Park 0 - Helena 8
This league is powered by Out of the Park Baseball, the baseball management simulation game for PC, Mac and Linux
Saturday, July 25th, 2015 - OOTP Baseball 15.6 Build 34